TOP OF THE 1ST |
San Antonio BC batting - Pitching for Richland Rails : RHP Dong-hwan Namgung
|
Pitching: RHP Dong-hwan Namgung
|
|
Batting: RHB Kenneth Noid
|
0-0: Ball 1-0: Ball 2-0: DOUBLE (Line Drive, 7LM)
|
Batting: LHB Sidney Dollarhide
|
0-0: Called Strike 0-1: Called Strike 0-2: Ball 1-2: Foul Ball, location: 2F 1-2: Ground out 4-3 (Groundball, 4) Kenneth Noid to third
|
Batting: RHB Mike Howard
|
0-0: DOUBLE (Flyball, 8LXD) Kenneth Noid scores
|
Batting: RHB José Salinas
|
0-0: Ball 1-0: Ball 2-0: Ball 3-0: Called Strike 3-1: Base on Balls
|
Batting: RHB Silverberry Mouhon
|
0-0: Ball 1-0: Ball 2-0: Fly out, F9 (Flyball, 9S)
|
Batting: LHB Pablo Morales
|
0-0: Called Strike 0-1: Ball 1-1: Foul Ball, location: 2F 1-2: Strikes out swinging
|
Top of the 1st over - 1 run, 2 hits, 0 errors, 2 left on base; San Antonio 1 - Richland 0 |
BOTTOM OF THE 1ST |
Richland Rails batting - Pitching for San Antonio BC : RHP José Lucero
|
Pitching: RHP José Lucero
|
|
Batting: LHB Júlio Madrid
|
0-0: Ball 1-0: Called Strike 1-1: Called Strike 1-2: Ball 2-2: Ball 3-2: Base on Balls
|
Batting: RHB Falco Opsteegh
|
0-0: Fly out, F8 (Flyball, 89D)
|
Batting: RHB Carlos Muńóz
|
0-0: SINGLE (Groundball, 56D) Júlio Madrid to second
|
Batting: RHB José Vargas
|
0-0: Ball 1-0: Ball 2-0: Called Strike 2-1: Ball 3-1: Called Strike 3-2: Ground out 6-3 (Groundball, 6M) Júlio Madrid to third Carlos Muńóz to second
|
Batting: LHB Jing-quo Sung
|
0-0: Ball 1-0: Ball 2-0: Fly out, F6 (Popup, 4MD)
|
Bottom of the 1st over - 0 runs, 1 hit, 0 errors, 2 left on base; San Antonio 1 - Richland 0 |
TOP OF THE 2ND |
San Antonio BC batting - Pitching for Richland Rails : RHP Dong-hwan Namgung
|
Batting: SHB Tom Chagolla
|
0-0: Foul Ball, location: 2F 0-1: Swinging Strike 0-2: Foul Ball, location: 2F 0-2: Strikes out swinging
|
Batting: RHB Brodie Floyd
|
0-0: Foul Ball, location: 2F 0-1: Swinging Strike 0-2: Ball 1-2: Fly out, F7 (Flyball, 7S)
|
Batting: RHB Tong-sik Im
|
0-0: Ball 1-0: Called Strike 1-1: Ball 2-1: Fly out, F2 (Popup, 2R)
|
Top of the 2nd over - 0 runs, 0 hits, 0 errors, 0 left on base; San Antonio 1 - Richland 0 |
BOTTOM OF THE 2ND |
Richland Rails batting - Pitching for San Antonio BC : RHP José Lucero
|
Batting: RHB Manyara Akintola
|
0-0: Ball 1-0: Called Strike 1-1: Ground out 5-3 (Groundball, 25)
|
Batting: RHB Kelyn Diallo
|
0-0: Ball 1-0: SINGLE (Groundball, 25) (infield hit)
|
Batting: SHB Miguel González
|
0-0: Fly out, F7 (Flyball, 7LS)
|
Batting: SHB Jesús Sánchez
|
0-0: Ball 1-0: Ball 2-0: Called Strike 2-1: Ball 3-1: Base on Balls Kelyn Diallo to second
|
Batting: LHB Júlio Madrid
|
0-0: Called Strike 0-1: Foul Ball, location: 2F 0-2: Ground out 4-3 (Groundball, 4)
|
Bottom of the 2nd over - 0 runs, 1 hit, 0 errors, 2 left on base; San Antonio 1 - Richland 0 |
TOP OF THE 3RD |
San Antonio BC batting - Pitching for Richland Rails : RHP Dong-hwan Namgung
|
Batting: RHB Kenneth Noid
|
0-0: Ball 1-0: Called Strike 1-1: Called Strike 1-2: Foul Ball, location: 2F 1-2: Foul Ball, location: 2F 1-2: Ball 2-2: Foul Ball, location: 2F 2-2: Reached on error, E6 (Groundball, 6)
|
Batting: LHB Sidney Dollarhide
|
0-0: Ball 1-0: Ball 2-0: SINGLE (Groundball, 34D) Kenneth Noid to third Runner from 3rd tries for Home, SAFE, no throw
|
Batting: RHB Mike Howard
|
0-0: Called Strike 0-1: Fielders Choice at 2nd, 6-4 (Groundball, 6)
|
Batting: RHB José Salinas
|
0-0: Called Strike 0-1: Foul Ball, location: 2F 0-2: Ball 1-2: SINGLE (Flyball, 8RS) Mike Howard to second Runner from 2nd tries for 3rd, SAFE, throw made to third
|
Pinch Runner at 3rd Carlos Cardoza:
|
|
Batting: RHB Silverberry Mouhon
|
0-0: Fly out, F7 (Flyball, 7D) Runner from 3rd tags up, SCORES, throw made
|
Batting: LHB Pablo Morales
|
0-0: Ball 1-0: Called Strike 1-1: Ball 2-1: Ground out 4-3 (Groundball, 34)
|
Top of the 3rd over - 2 runs, 2 hits, 1 error, 1 left on base; San Antonio 3 - Richland 0 |
BOTTOM OF THE 3RD |
Richland Rails batting - Pitching for San Antonio BC : RHP José Lucero
|
Now in CF: Carlos Cardoza
|
|
Batting: RHB Falco Opsteegh
|
0-0: Foul Ball, location: 2F 0-1: Foul Ball, location: 2F 0-2: Strikes out swinging
|
Batting: RHB Carlos Muńóz
|
0-0: Ball 1-0: Ball 2-0: Foul Ball, location: 2F 2-1: Foul Ball, location: 2F 2-2: Strikes out swinging
|
Batting: RHB José Vargas
|
0-0: Ball 1-0: Called Strike 1-1: SINGLE (Flyball, 8LS)
|
Batting: LHB Jing-quo Sung
|
0-0: Swinging Strike 0-1: Swinging Strike 0-2: Foul Ball, location: 2F 0-2: Foul Ball, location: 2F 0-2: Ball 1-2: Strikes out swinging
|
Bottom of the 3rd over - 0 runs, 1 hit, 0 errors, 1 left on base; San Antonio 3 - Richland 0 |
TOP OF THE 4TH |
San Antonio BC batting - Pitching for Richland Rails : RHP Dong-hwan Namgung
|
Batting: SHB Tom Chagolla
|
0-0: Ball 1-0: Ground out 1-3 (Groundball, 15S)
|
Batting: RHB Brodie Floyd
|
0-0: Ball 1-0: Foul Ball, location: 2F 1-1: Swinging Strike 1-2: Fly out, F8 (Flyball, 8RM)
|
Batting: RHB Tong-sik Im
|
0-0: Hit by Pitch
|
Batting: RHB Kenneth Noid
|
0-0: Called Strike 0-1: SINGLE (Groundball, 6MD) Tong-sik Im to second Runner from 2nd tries for 3rd, SAFE, no throw
|
Batting: LHB Sidney Dollarhide
|
0-0: Ball 1-0: Ball Wild Pitch! Tong-sik Im scores Kenneth Noid to second 2-0: Ball 3-0: Called Strike 3-1: SINGLE (Groundball, 3S) (infield hit) Kenneth Noid to third
|
Batting: RHB Carlos Cardoza
|
0-0: Swinging Strike 0-1: Ball 1-1: Ball 2-1: Ball 3-1: Base on Balls Sidney Dollarhide to second
|
Pitching: RHP Sammy Harmon
|
|
Batting: RHB José Salinas
|
0-0: Ball 1-0: Swinging Strike 1-1: Swinging Strike 1-2: Foul Ball, location: 2F 1-2: Ground out 5-3 (Groundball, 56)
|
Top of the 4th over - 1 run, 2 hits, 0 errors, 3 left on base; San Antonio 4 - Richland 0 |
BOTTOM OF THE 4TH |
Richland Rails batting - Pitching for San Antonio BC : RHP José Lucero
|
Batting: RHB Manyara Akintola
|
0-0: Fly out, F7 (Flyball, 7S)
|
Batting: RHB Kelyn Diallo
|
0-0: Called Strike 0-1: Fly out, F9 (Flyball, 89S)
|
Batting: SHB Miguel González
|
0-0: Called Strike 0-1: Foul Ball, location: 2F 0-2: Ball 1-2: SINGLE (Groundball, 34D)
|
Batting: SHB Jesús Sánchez
|
0-0: Foul Ball, location: 2F 0-1: Ground out U3 (Groundball, 3)
|
Bottom of the 4th over - 0 runs, 1 hit, 0 errors, 1 left on base; San Antonio 4 - Richland 0 |
TOP OF THE 5TH |
San Antonio BC batting - Pitching for Richland Rails : RHP Sammy Harmon
|
Batting: RHB Silverberry Mouhon
|
0-0: Ball 1-0: Ball 2-0: Ball 3-0: Called Strike 3-1: Ground out 6-3 (Groundball, 6)
|
Batting: LHB Pablo Morales
|
0-0: Foul Ball, location: 2F 0-1: Foul Ball, location: 2F 0-2: Ball 1-2: Foul Ball, location: 2F 1-2: Ball 2-2: DOUBLE (Line Drive, 9LD)
|
Batting: SHB Tom Chagolla
|
0-0: Ball 1-0: Called Strike 1-1: Called Strike 1-2: Strikes out swinging
|
Batting: RHB Brodie Floyd
|
0-0: SINGLE (Groundball, 6D) Pablo Morales to third Runner from 3rd tries for Home, SAFE, throw made home Brodie Floyd to second
|
Batting: RHB Tong-sik Im
|
0-0: Called Strike 0-1: Ball 1-1: Ball 2-1: Fly out, F8 (Flyball, 8RM)
|
Top of the 5th over - 1 run, 2 hits, 0 errors, 1 left on base; San Antonio 5 - Richland 0 |
BOTTOM OF THE 5TH |
Richland Rails batting - Pitching for San Antonio BC : RHP José Lucero
|
Batting: LHB Júlio Madrid
|
0-0: Swinging Strike 0-1: Ball 1-1: Ground out U3 (Groundball, 3)
|
Batting: RHB Falco Opsteegh
|
0-0: Ball 1-0: SINGLE (Flyball, 4MD)
|
Batting: RHB Carlos Muńóz
|
0-0: SINGLE (Line Drive, 34) Falco Opsteegh to second
|
Batting: RHB José Vargas
|
0-0: Called Strike 0-1: Ground out 6-3 (Groundball, 6M) Falco Opsteegh to third Carlos Muńóz to second
|
Batting: LHB Jing-quo Sung
|
0-0: Fly out, F7 (Flyball, 7LSF)
|
Bottom of the 5th over - 0 runs, 2 hits, 0 errors, 2 left on base; San Antonio 5 - Richland 0 |
TOP OF THE 6TH |
San Antonio BC batting - Pitching for Richland Rails : RHP Sammy Harmon
|
Batting: RHB Kenneth Noid
|
0-0: Ball 1-0: Ball 2-0: Ball 3-0: Called Strike 3-1: Called Strike 3-2: Foul Ball, location: 2F 3-2: Base on Balls
|
Batting: LHB Sidney Dollarhide
|
0-0: Called Strike 0-1: Foul Ball, location: 2F 0-2: Strikes out swinging
|
Batting: RHB Carlos Cardoza
|
0-0: Ball 1-0: Ball 2-0: Called Strike 2-1: Swinging Strike 2-2: Fly out, F7 (Flyball, 78M)
|
Batting: RHB José Salinas
|
0-0: Swinging Strike 0-1: Ball 1-1: Swinging Strike 1-2: Foul Ball, location: 2F 1-2: Strikes out swinging
|
Top of the 6th over - 0 runs, 0 hits, 0 errors, 1 left on base; San Antonio 5 - Richland 0 |
BOTTOM OF THE 6TH |
Richland Rails batting - Pitching for San Antonio BC : RHP José Lucero
|
Batting: RHB Manyara Akintola
|
0-0: Called Strike 0-1: Fly out, F9 (Flyball, 89D)
|
Batting: RHB Kelyn Diallo
|
0-0: Called Strike 0-1: Ball 1-1: Fly out, F7 (Flyball, 78M)
|
Batting: SHB Miguel González
|
0-0: Foul Ball, location: 2F 0-1: Ball 1-1: Ball 2-1: Ball 3-1: Base on Balls
|
Batting: SHB Jesús Sánchez
|
0-0: Ground out 4-3 (Groundball, 4)
|
Bottom of the 6th over - 0 runs, 0 hits, 0 errors, 1 left on base; San Antonio 5 - Richland 0 |
TOP OF THE 7TH |
San Antonio BC batting - Pitching for Richland Rails : RHP Sammy Harmon
|
Batting: RHB Silverberry Mouhon
|
0-0: Called Strike 0-1: Ball 1-1: Ball 2-1: Foul Ball, location: 2F 2-2: SINGLE (Line Drive, 56D)
|
Batting: LHB Pablo Morales
|
0-0: Called Strike 0-1: Ball 1-1: Swinging Strike 1-2: Ball 2-2: Ball 3-2: Base on Balls Silverberry Mouhon to second
|
Batting: SHB Tom Chagolla
|
0-0: SINGLE (Line Drive, 8RS) Silverberry Mouhon to third Pablo Morales to second
|
Batting: RHB Brodie Floyd
|
0-0: Ball 1-0: Ball 2-0: Ball 3-0: Base on Balls Silverberry Mouhon scores Pablo Morales to third Tom Chagolla to second
|
Batting: RHB Tong-sik Im
|
0-0: Ball 1-0: Fielders Choice at 2nd, 6-4 (Groundball, 6) Pablo Morales scores Tom Chagolla to third
|
Batting: RHB Kenneth Noid
|
0-0: Foul Ball, location: 2F 0-1: Fly out, F7 (Flyball, 7S)
|
Batting: LHB Sidney Dollarhide
|
0-0: Ball 1-0: Ball 2-0: Ball 3-0: Base on Balls Tong-sik Im to second
|
Batting: RHB Carlos Cardoza
|
0-0: Called Strike 0-1: Ball 1-1: Ball 2-1: Foul Ball, location: 2F 2-2: GRAND SLAM HOME RUN (Flyball, 78XD), Distance : 395 ft
|
Batting: RHB José Salinas
|
0-0: Ball 1-0: Ball 2-0: Called Strike 2-1: Ball 3-1: Foul Ball, location: 2F 3-2: Fly out, F8 (Flyball, 8LXD)
|
Top of the 7th over - 6 runs, 3 hits, 0 errors, 0 left on base; San Antonio 11 - Richland 0 |
BOTTOM OF THE 7TH |
Richland Rails batting - Pitching for San Antonio BC : RHP José Lucero
|
Batting: LHB Júlio Madrid
|
0-0: Ball 1-0: Called Strike 1-1: Swinging Strike 1-2: Fly out, F8 (Line Drive, 8LM)
|
Batting: RHB Falco Opsteegh
|
0-0: Ball 1-0: Ground out 4-3 (Groundball, 4)
|
Batting: RHB Carlos Muńóz
|
0-0: Ground out 5-3 (Groundball, 56S)
|
Bottom of the 7th over - 0 runs, 0 hits, 0 errors, 0 left on base; San Antonio 11 - Richland 0 |
TOP OF THE 8TH |
San Antonio BC batting - Pitching for Richland Rails : RHP Sammy Harmon
|
Pitching: LHP Pedro Durán
|
|
Batting: RHB Silverberry Mouhon
|
0-0: Called Strike 0-1: SINGLE (Groundball, 6D)
|
Batting: LHB Pablo Morales
|
0-0: Called Strike 0-1: Ball 1-1: Ball 2-1: Fly out, F7 (Flyball, 7S)
|
Batting: SHB Tom Chagolla
|
0-0: Ball Balk! Silverberry Mouhon to second 1-0: Ground out U3 (Groundball, 34) Silverberry Mouhon to third
|
Batting: RHB Brodie Floyd
|
0-0: Ball 1-0: Called Strike 1-1: Ground out 6-3 (Groundball, 6)
|
Top of the 8th over - 0 runs, 1 hit, 0 errors, 1 left on base; San Antonio 11 - Richland 0 |
BOTTOM OF THE 8TH |
Richland Rails batting - Pitching for San Antonio BC : RHP José Lucero
|
Batting: RHB José Vargas
|
0-0: Hit by Pitch
|
Batting: LHB Jing-quo Sung
|
0-0: Called Strike 0-1: SINGLE (Line Drive, 8LS) José Vargas to second
|
Batting: RHB Manyara Akintola
|
0-0: Ball 1-0: Ball 2-0: Foul Ball, location: 2F 2-1: Foul Ball, location: 2F 2-2: Ball 3-2: Strikes out swinging
|
Batting: RHB Kelyn Diallo
|
0-0: Ball 1-0: Ball 2-0: Ball 3-0: Foul Ball, location: 2F 3-1: Called Strike 3-2: SINGLE (Groundball, 6M) (infield hit) José Vargas to third Jing-quo Sung to second
|
Batting: SHB Miguel González
|
0-0: Ball 1-0: Fly out, F9 (Line Drive, 9) Runner from 3rd tags up, SCORES, throw made
|
Batting: SHB Jesús Sánchez
|
0-0: Called Strike 0-1: Called Strike 0-2: Fly out, F8 (Flyball, 8LD)
|
Bottom of the 8th over - 1 run, 2 hits, 0 errors, 2 left on base; San Antonio 11 - Richland 1 |
TOP OF THE 9TH |
San Antonio BC batting - Pitching for Richland Rails : LHP Pedro Durán
|
Pitching: RHP Davis Sawyer
|
|
Batting: RHB Tong-sik Im
|
0-0: Ball 1-0: Called Strike 1-1: Fly out, F5 (Line Drive, 56)
|
Batting: RHB Kenneth Noid
|
0-0: Called Strike 0-1: Swinging Strike 0-2: Ball 1-2: Ball 2-2: Strikes out swinging, 2-3 out at first.
|
Batting: LHB Sidney Dollarhide
|
0-0: Swinging Strike 0-1: Ball 1-1: Swinging Strike 1-2: Foul Ball, location: 2F 1-2: Ball 2-2: Ball 3-2: Foul Ball, location: 2F 3-2: Base on Balls
|
Batting: RHB Carlos Cardoza
|
0-0: Ball Pickoff Throw to First - Out!
|
Top of the 9th over - 0 runs, 0 hits, 0 errors, 0 left on base; San Antonio 11 - Richland 1 |
BOTTOM OF THE 9TH |
Richland Rails batting - Pitching for San Antonio BC : RHP José Lucero
|
Batting: LHB Júlio Madrid
|
0-0: Ball 1-0: Called Strike 1-1: SINGLE (Groundball, 3D)
|
Pitching: RHP Tomás Apresentao
|
|
Batting: RHB Falco Opsteegh
|
0-0: Ball 1-0: Swinging Strike 1-1: Foul Ball, location: 2F 1-2: Ball 2-2: Foul Ball, location: 2F 2-2: Strikes out swinging
|
Batting: RHB Carlos Muńóz
|
0-0: SINGLE (Line Drive, 9S) Júlio Madrid to second
|
Batting: RHB José Vargas
|
0-0: Called Strike 0-1: Ball 1-1: Swinging Strike 1-2: Strikes out swinging
|
Batting: LHB Jing-quo Sung
|
0-0: Ball 1-0: Ball 2-0: Called Strike 2-1: Called Strike 2-2: Foul Ball, location: 2F 2-2: Strikes out swinging
|
Bottom of the 9th over - 0 runs, 2 hits, 0 errors, 2 left on base; San Antonio 11 - Richland 1 |
|